 Dungeon Crawl Stone Soup version 0.31.0-11-ge490571c62 (webtiles) character file.

Game seed: 10088920946159718896

174 monsoonserge the Covered (level 5, -2/47 HPs)
             Began as a Hill Orc Fighter on Jan 31, 2024.
             Was an Initiate of Ru.
             Slain by a black bear (4 damage)
             ... on level 4 of the Dungeon.
             The game lasted 00:04:21 (2299 turns).

monsoonserge the Covered (Hill Orc Fighter)         Turns: 2299, Time: 00:04:22

Health: -2/47      AC:  8    Str: 21    XL:     5   Next: 54%
Magic:  0/5        EV:  9    Int:  8    God:    Ru [......]
Gold:   114        SH:  4    Dex: 10    Spells: 4/4 levels left

rFire   . . .        a - +0 war axe
rCold   . . .        c - +0 buckler
rNeg    . . .        b - +0 scale mail
rPois   .            o - +0 helmet
rElec   .            (no cloak)
rCorr   .            (no gloves)
SInv    .            (no boots)
Will    .....        r - amulet of guardian spirit Stlth
                     (no ring)
HPRegen 0.27/turn    (no ring)
MPRegen 0.09/turn

%: guardian spirit
@: no status effects
A: no forms
a: Renounce Religion


You were on level 4 of the Dungeon.
You worshipped Ru.
Ru was noncommittal.
You visited 1 branch of the dungeon, and saw 4 of its levels.

You collected 114 gold pieces.

Inventory:

Hand Weapons
 a - a +0 war axe (weapon)
Missiles
 h - 7 poisoned darts (quivered)
Armour
 b - a +0 scale mail (worn)
 c - a +0 buckler (worn)
 o - a +0 helmet (worn)
Jewellery
 r - an amulet of guardian spirit (around neck)
Scrolls
 f - a scroll of blinking {unknown}
 g - 4 scrolls of identify {unknown}
 j - a scroll of enchant weapon {unknown}
 l - a scroll of poison {unknown}
 m - a scroll of fear {unknown}
 q - a scroll of vulnerability {unknown}
Potions
 d - 2 potions of might
 e - 3 potions of enlightenment {unknown}
 i - a potion of invisibility {unknown}
 k - 2 potions of attraction {unknown}
 n - 3 potions of curing {unknown}
 p - a potion of degeneration {unknown}
 s - a potion of resistance {unknown}


   Skills:
 + Level 4.6 Fighting
 * Level 4.2 Axes
 + Level 5.1 Armour
 + Level 0.1 Dodging
 + Level 3.6 Shields


You had 4 spell levels left.
You didn't know any spells.
Your spell library contained the following spells:

 Spells                   Type           Power      Damage    Failure   Level
 Dazzling Flash           Conj/Hex       0%         N/A       99%         3
 Mephitic Cloud           Conj/Alch/Air  0%         N/A       99%         3
 Curse of Agony           Necr           0%         N/A       100%        5
 Silence                  Hex/Air        0%         N/A       100%        5


Dungeon Overview and Level Annotations

Branches:
Dungeon (4/15)
 Temple: D:4-7

Altars:
Ru

Portals:
Abyss: D:3

Annotations:
D:3 2 transporters, SnakkuSnakku7's ghost, amateur MfAE


Innate Abilities, Weirdness & Mutations

You cannot voluntarily change form.


Message History

The black bear is heavily wounded.
The black bear barely misses you. The black bear claws you.
The black bear closely misses you. The black bear barely misses you.
The black bear claws you but does no damage. x2
You hit the black bear.
The black bear is severely wounded.
The black bear bites you but does no damage.
The black bear claws you but does no damage.
The black bear barely misses you.
You barely miss the black bear.
The black bear is severely wounded.
The black bear completely misses you. The black bear closely misses you.
The black bear misses you.
You hit the black bear.
The black bear is almost dead.
The black bear bites you. You block the black bear's attack.
The black bear claws you but does no damage.
The black bear goes berserk!
You hit the black bear.
The black bear is almost dead.
The black bear bites you. The black bear claws you.
* * * LOW HITPOINT WARNING * * *
The black bear claws you but does no damage.
The black bear closely misses you. The black bear claws you.
* * * LOW HITPOINT WARNING * * *
The black bear barely misses you.
You hit the black bear.
The black bear is almost dead.
The black bear barely misses you.
The black bear claws you but does no damage.
The black bear barely misses you. x2
The black bear claws you but does no damage.
The black bear closely misses you.
You closely miss the black bear.
The black bear is almost dead.
The black bear bites you!
* * * LOW HITPOINT WARNING * * *
The black bear claws you but does no damage.
You block the black bear's attack. The black bear bites you.
You die...

#########
#.......#
#@#####.#
#h# #.#
#.# #.#
#.# #.#
#.# #.#
#.# #.#
#.# #.#
..# #.#
#.#


You could see a black bear (berserk).

Vanquished Creatures
  10 gnolls
  3 adders (D:2)
  A ribbon worm (D:2)
  An orc (D:4)
  3 bats
  An endoplasm (D:2)
  7 hobgoblins
  2 jackals (D:2)
  4 quokkas
  6 ball pythons
  3 frilled lizards
  4 goblins
  6 kobolds
  3 rats
54 creatures vanquished.

Notes
Turn   | Place    | Note
-------+----------+-------------------------------------------
     0 | D:1      | monsoonserge the Hill Orc Fighter began the quest for the
                  | Orb.
     0 | D:1      | Reached XP level 1. HP: 19/19 MP: 1/1
   171 | D:1      | Reached XP level 2. HP: 21/27 MP: 2/2
   172 | D:1      | Found a faded altar of an unknown god.
   187 | D:1      | Prayed at the altar of an unknown god.
   187 | D:1      | Became a worshipper of Ru the Awakened
   191 | D:1      | Gained mutation: You cannot voluntarily change form. [Ru
                  | sacrifice]
   209 | D:1      | Reached skill level 4 in Armour
   209 | D:1      | Reached XP level 3. HP: 19/33 MP: 3/3
   940 | D:2      | Reached XP level 4. HP: 40/40 MP: 4/4
  1045 | D:2      | You fall into a shaft and drop 1 floor!
  1541 | D:3      | Found a transporter.
  1547 | D:3      | Noticed SnakkuSnakku7's ghost (amateur MfAE)
  1548 | D:3      | Found a one-way gate to the infinite horrors of the Abyss.
  1549 | D:3      | Found a transporter.
  1552 | D:3      | Noticed a small abomination
  1785 | D:3      | Reached XP level 5. HP: 29/47 MP: 5/5
  1914 | D:3      | Reached skill level 5 in Armour
  2285 | D:4      | Noticed a black bear
  2299 | D:4      | HP: 2/47 [black bear (7)]
  2299 | D:4      | Slain by a black bear

Illustrated notes

Levels and vault maps discovered:
D:1:      amcnicky_arrival_wind_blow, layout_rooms,
          dreamdust_ecumenical_altar_angels_and_demons
D:2:      layout_loops_ring
D:3:      layout_loops_ring, gammafunk_ghost_abyssal_escape
D:4:      layout_basic, gammafunk_temple_overflow_forgotten,
          serial_bayou_lagoon_b

Skill      XL: |  1  2  3  4  5 |
---------------+----------------+-----
Fighting       | 4 |  4.6
Armour         | 4 5 |  5.1
Axes           | 3 4 |  4.2
Dodging        | |  0.1
Shields        | |  3.6

Action                     |  1- 3 |  4- 6 || total
---------------------------+-------+-------++-------
  Melee: War axe           |    90 |    95 ||   185
 Invoke: Sacrifice Forms   |     1 |       ||     1
 Armour: Scale mail        |    61 |   103 ||   164
  Dodge: Dodged            |    38 |    60 ||    98
  Block: Buckler           |    19 |    29 ||    48
